[Event "Tuesday Night Engine Tour 7 Rd Swiss 12m+1s Starts at 2200hrs ST"]
[Site "Infinity Chess"]
[Date "2018.1.17"]
[Round "7"]
[White "OlivierEvan"]
[Black "KULLANI"]
[Result "1/2-1/2"]
[ECO "A06"]
[WhiteElo "2418"]
[BlackElo "2475"]
[WhiteEngine "Houdini 6"]
[BlackEngine "BrainFish_180113_x64_CTG"]
[EventType "Swiss"]
[WhiteTeam ""]
[BlackTeam ""]
[PlyCount "212"]
[TimeControl "720+1"]

1. Nf3 d5 2. d4 Nf6 3. c4 c6 4. Nc3 e6 5. e3 Nbd7 6. Qc2 Bd6 7. Bd3 dxc4 
8. Bxc4 O-O 9. O-O a6 10. Rd1 b5 11. Bd3 Qe7 12. Ne4 Nxe4 13. Bxe4 Nf6 
14. Bxc6 Qc7 15. Ne1 Bb7 16. Bxb7 Qxb7 17. Nd3 Rfc8 18. Qe2 Qd5 19. f3 Be7 
20. Qf2 Rd8 21. Bd2 a5 22. Rdc1 b4 23. b3 Nd7 24. e4 Qb5 25. Nb2 f5 26. Re1 Nb6 
27. Bf4 fxe4 28. Rxe4 a4 29. Rae1 a3 30. Nd1 Nd5 31. Be5 Bf6 32. Bxf6 Nxf6 
33. Rxe6 Qd7 34. R6e2 Qxd4 35. Ne3 Rac8 36. g3 Rc3 37. Kg2 h6 38. Rd1 Rd3 
39. Rxd3 Qxd3 40. Nc4 Qb1 41. Qc5 Qd1 42. Rf2 Nd5 43. Ne3 Nxe3+ 44. Qxe3 Qd3 
45. Qf4 Rd4 46. Qc1 Qb5 47. h4 h5 48. Qc8+ Kh7 49. Qc2+ Kg8 50. Kh2 Qd5 
51. Qe2 Rd3 52. Kg2 Rd4 53. Kh3 Kh7 54. Qc2+ Rd3 55. Kg2 Kh6 56. Qe2 Kh7 
57. Qe7 Rd4 58. Qe3 Rd3 59. Qb6 Rd4 60. Qb8 Kg6 61. Qf8 Kh7 62. Qe8 Qf5 
63. Qc6 Qe5 64. Qc2+ g6 65. Re2 Qd6 66. Qc1 Rd3 67. Rc2 Qd4 68. Rc7+ Kg8 
69. Qe1 Re3 70. Qf2 Qd3 71. Rc8+ Kg7 72. Rc2 Kh7 73. Rd2 Qc3 74. Rd7+ Kg8 
75. f4 Qc6+ 76. Kh2 Qxd7 77. Qxe3 Qd1 78. Qe8+ Kh7 79. Qe7+ Kh8 80. Qxb4 Qe2+ 
81. Kg1 Qxa2 82. Qf8+ Kh7 83. Qf7+ Kh8 84. Qxg6 Qa1+ 85. Kf2 Qa2+ 86. Ke1 Qa1+ 
87. Kd2 Qd4+ 88. Kc1 Qc3+ 89. Kd1 Qxb3+ 90. Kd2 Qb2+ 91. Qc2 Qd4+ 92. Ke2 Qg7 
93. Qc8+ Kh7 94. Qc2+ Kh6 95. Qc6+ Qg6 96. Qc3 Qe6+ 97. Kd2 a2 98. Kc1 Qa6 
99. Qh8+ Kg6 100. f5+ Kxf5 101. Qxh5+ Ke4 102. Qg4+ Kd3 103. Qd1+ Ke4 
104. Kb2 a1=Q+ 105. Qxa1 Qb5+ 106. Ka2 Qd5+ 1/2-1/2

[Event "Tuesday Night Engine Tour 7 Rd Swiss 12m+1s Starts at 2200hrs ST"]
[Site "Infinity Chess"]
[Date "2018.1.17"]
[Round "7"]
[White "KhalidOmar"]
[Black "MarioDeMonti"]
[Result "1/2-1/2"]
[ECO "B50"]
[WhiteElo "2462"]
[BlackElo "2431"]
[WhiteEngine "Eman 1.62 64-bit BMI2"]
[BlackEngine "stockfish_x64_bmi2_2018_01_13_CTG"]
[EventType "Swiss"]
[WhiteTeam ""]
[BlackTeam ""]
[PlyCount "88"]
[TimeControl "720+1"]

1. e4 c5 2. Nf3 d6 3. Nc3 a6 4. g3 e6 5. Bg2 e5 6. a4 Nc6 7. O-O g6 8. d3 Bg7 
9. Nd5 Nge7 10. Bg5 O-O 11. c3 h6 12. Bf6 Bxf6 13. Nxf6+ Kg7 14. Nd5 f5 
15. Nd2 f4 16. a5 Rb8 17. Kh1 Be6 18. Bf3 Bg8 19. Rg1 Nxd5 20. exd5 Ne7 
21. c4 fxg3 22. fxg3 b5 23. axb6 Rxb6 24. b3 Nf5 25. g4 Nd4 26. g5 hxg5 
27. Bg4 Rf4 28. Ne4 Bf7 29. Ra2 Rxb3 30. Rxa6 Rb2 31. Rg2 Rxg2 32. Kxg2 Qb8 
33. Kh1 Rxg4 34. Qxg4 Qb1+ 35. Kg2 Qxd3 36. Nxd6 Bxd5+ 37. cxd5 Qxa6 
38. Qd7+ Kg8 39. Qf7+ Kh8 40. Qf8+ Kh7 41. Qf7+ Kh8 42. Qf8+ Kh7 43. Qe7+ Kg8 
44. Qf7+ Kh8 1/2-1/2

[Event "Tuesday Night Engine Tour 7 Rd Swiss 12m+1s Starts at 2200hrs ST"]
[Site "Infinity Chess"]
[Date "2018.1.17"]
[Round "7"]
[White "SkyPilot"]
[Black "RonWeasley"]
[Result "1/2-1/2"]
[ECO "C11"]
[WhiteElo "2473"]
[BlackElo "2456"]
[WhiteEngine "stockfish_x64_bmi2_2018_01_13_CTG"]
[BlackEngine "BrainFish 130117_CTG"]
[EventType "Swiss"]
[WhiteTeam ""]
[BlackTeam ""]
[PlyCount "71"]
[TimeControl "720+1"]

1. e4 e6 2. d4 d5 3. Nc3 Nf6 4. e5 Nfd7 5. f4 c5 6. Nf3 Nc6 7. Be3 cxd4 
8. Nxd4 Qb6 9. a3 Bc5 10. Ncb5 a6 11. Nxc6 axb5 12. Bxc5 Nxc5 13. Nd4 Bd7 
14. c3 O-O 15. Be2 f6 16. exf6 Rxf6 17. g3 g5 18. Qd2 gxf4 19. gxf4 Qd6 
20. Rf1 Raf8 21. O-O-O Ne4 22. Qe3 Rxf4 23. Rxf4 Qxf4 24. Rg1+ Kh8 25. Qxf4 Rxf4 
26. Bxb5 Bxb5 27. Nxb5 Rf2 28. Nc7 Nc5 29. b4 Nd3+ 30. Kb1 Rxh2 31. Nxe6 Rb2+ 
32. Ka1 Rb3 33. Ka2 Rb2+ 34. Ka1 Rb3 35. Ka2 Rb2+ 36. Ka1 1/2-1/2

[Event "Tuesday Night Engine Tour 7 Rd Swiss 12m+1s Starts at 2200hrs ST"]
[Site "Infinity Chess"]
[Date "2018.1.17"]
[Round "7"]
[White "angriff"]
[Black "avilllaa"]
[Result "1-0"]
[ECO "B90"]
[WhiteElo "2495"]
[BlackElo "2556"]
[WhiteEngine "Raubfisch ME262_GTZ16b1_CTG"]
[BlackEngine "Cryptic AIL V1"]
[EventType "Swiss"]
[WhiteTeam ""]
[BlackTeam ""]
[PlyCount "255"]
[TimeControl "720+1"]

1. e4 c5 2. Nf3 d6 3. d4 cxd4 4. Nxd4 Nf6 5. Nc3 a6 6. Be3 e5 7. Nb3 Be7 
8. Be2 Be6 9. Qd3 Nc6 10. a3 O-O 11. Nd5 Rc8 12. O-O Nd7 13. h3 Bg5 14. Bg4 Bxe3 
15. Nxe3 Nf6 16. Bxe6 fxe6 17. Rad1 Ne8 18. Nd2 Qe7 19. Ng4 Rd8 20. c3 Qc7 
21. Rfe1 Qf7 22. Qe3 Nf6 23. Nxf6+ gxf6 24. f4 Kh8 25. fxe5 Nxe5 26. Rf1 Rg8 
27. Nf3 Nc4 28. Qf2 Qe7 29. b3 Na5 30. Nd4 Rg6 31. Qd2 Nc6 32. Ne2 Rg5 
33. Nf4 Re5 34. Qd3 f5 35. exf5 Rxf5 36. Rf2 Rg8 37. a4 Rf6 38. Qe3 Ne5 
39. Re1 Rf5 40. c4 Rg7 41. Ref1 Qg5 42. Qe2 Qe7 43. Qe4 Rgf7 44. Qd4 Rg7 
45. Rd1 Nf7 46. Rdf1 Ng5 47. Qd3 Nf7 48. Qe4 Ng5 49. Qd3 Nf7 50. Qd4 Ng5 
51. Qe3 Re5 52. Qd3 Ne4 53. Rf3 Qg5 54. Kh2 h5 55. g3 a5 56. h4 Qg4 57. Nh3 Rf5 
58. Rxf5 exf5 59. Rf3 b6 60. Nf2 Qg6 61. Qe3 Kh7 62. Kg2 Nc5 63. Nh3 Ne4 
64. Nf2 Nc5 65. Qd2 Re7 66. Nh3 Qf6 67. Qf2 Re5 68. Nf4 Qe7 69. Qc2 Ne6 
70. Qd3 Nxf4+ 71. Rxf4 Kg7 72. Rxf5 Rxf5 73. Qxf5 Qe2+ 74. Qf2 Qe5 75. Qf3 Kh8 
76. Kf2 Kg7 77. g4 hxg4 78. Qxg4+ Kh8 79. Qc8+ Kg7 80. Qb7+ Kh6 81. Qf3 Qh2+ 
82. Ke3 Qe5+ 83. Kd3 Qb2 84. Qd1 Kh7 85. h5 Qe5 86. Qe2 Qa1 87. Qe4+ Kg8 
88. Qd5+ Kh7 89. Ke4 Qh1+ 90. Kf5 Qxh5+ 91. Ke6 Qh2 92. Qf5+ Kh6 93. Qf6+ Kh7 
94. Qe7+ Kg6 95. Qf6+ Kh7 96. Qe7+ Kg6 97. Qxd6 Qf2 98. Kd5+ Kh7 99. Qe7+ Kh6 
100. Qe6+ Kg7 101. Kc6 Qb2 102. Kxb6 Qxb3+ 103. Kxa5 Qb1 104. c5 Qb7 
105. Qb6 Qa8+ 106. Kb5 Qe8+ 107. c6 Kf8 108. Qc5+ Kg7 109. Qd4+ Kg6 
110. Qd6+ Kg5 111. Kb6 Kh4 112. c7 Qe3+ 113. Qc5 Qe6+ 114. Kb7 Qb3+ 
115. Qb5 Qf3+ 116. Qc6 Qb3+ 117. Ka8 Qh3 118. c8=Q Qxc8+ 119. Qxc8 Kg5 
120. a5 Kf4 121. a6 Ke3 122. Kb8 Kd3 123. a7 Ke3 124. Qc5+ Kf3 125. Qe5 Kg4 
126. a8=Q Kh3 127. Qh1+ Kg4 128. Qhh5# 1-0

[Event "Tuesday Night Engine Tour 7 Rd Swiss 12m+1s Starts at 2200hrs ST"]
[Site "Infinity Chess"]
[Date "2018.1.17"]
[Round "6"]
[White "tris77"]
[Black "Zor"]
[Result "1/2-1/2"]
[ECO "B90"]
[WhiteElo "2336"]
[BlackElo "2436"]
[WhiteEngine "stockfish_8_x64_popcnt_CTG"]
[BlackEngine "Cryptic AIL V1"]
[EventType "Swiss"]
[WhiteTeam ""]
[BlackTeam ""]
[PlyCount "112"]
[TimeControl "720+1"]

1. e4 c5 2. Nf3 d6 3. d4 cxd4 4. Nxd4 Nf6 5. Nc3 a6 6. Be3 e5 7. Nb3 Be7 
8. f3 Be6 9. Qd2 O-O 10. O-O-O Nbd7 11. g4 b5 12. g5 Nh5 13. Nd5 Bxd5 
14. exd5 f5 15. gxf6 Bxf6 16. Na5 Nf4 17. Nc6 Qc7 18. Rg1 Nb6 19. Bxf4 exf4 
20. c3 b4 21. cxb4 Na4 22. Kb1 Nxb2 23. Rc1 Na4 24. Bc4 Qb6 25. Rge1 a5 
26. b5 Qc5 27. Re6 Qa3 28. Bb3 Nc5 29. Rxf6 Rxf6 30. Rc3 Rg6 31. Ne7+ Kh8 
32. Nxg6+ hxg6 33. Qd4 Rb8 34. Qc4 Kh7 35. Ka1 Qb4 36. Qxb4 axb4 37. Rc4 Nxb3+ 
38. axb3 Rxb5 39. Rxf4 g5 40. Re4 Rxd5 41. Rxb4 Kg6 42. Kb2 Rd3 43. Rb6 Kf5 
44. Kc2 Rxf3 45. Rxd6 g4 46. b4 Kf4 47. b5 Ke5 48. Rd8 Ke6 49. b6 Rf7 
50. Rd4 Rb7 51. Rxg4 Kd5 52. Rg6 Kc5 53. h3 Rxb6 54. Rxg7 Rf6 55. Rg3 Kd4 
56. h4 Rh6 1/2-1/2

[Event "Tuesday Night Engine Tour 7 Rd Swiss 12m+1s Starts at 2200hrs ST"]
[Site "Infinity Chess"]
[Date "2018.1.17"]
[Round "6"]
[White "avilllaa"]
[Black "BraveDevil"]
[Result "1-0"]
[ECO "E40"]
[WhiteElo "2518"]
[BlackElo "2308"]
[WhiteEngine "Cryptic AIL V1"]
[BlackEngine "Cryptic AIL V1"]
[EventType "Swiss"]
[WhiteTeam ""]
[BlackTeam ""]
[PlyCount "177"]
[TimeControl "720+1"]

1. d4 Nf6 2. c4 e6 3. Nc3 Bb4 4. e3 O-O 5. Bd3 b6 6. Nf3 d5 7. O-O c5 
8. cxd5 exd5 9. Ne5 Bb7 10. Bd2 Nc6 11. a3 Nxe5 12. dxe5 Bxc3 13. Bxc3 Ne4 
14. Bxe4 dxe4 15. Qg4 h6 16. e6 Qg5 17. exf7+ Rxf7 18. Qxg5 hxg5 19. Rfd1 Raf8 
20. Rd6 Rxf2 21. Rg6 R2f7 22. Rxg5 Ba6 23. h4 Kh7 24. a4 Bd3 25. a5 Rc8 
26. Kh2 Rb7 27. Rc1 Rcc7 28. Kh3 Kh6 29. Be5 Rf7 30. axb6 axb6 31. b4 c4 
32. Ra1 Rf8 33. b5 Rd8 34. Kg3 Kh7 35. Bd4 Rd6 36. Rh5+ Rh6 37. Rxh6+ Kxh6 
38. Bc3 Kg6 39. Ra8 Be2 40. Rf8 Bh5 41. Rd8 Be2 42. Rd6+ Kh7 43. Kf4 Bh5 
44. Kxe4 Be8 45. Rc6 Bf7 46. Be5 Re7 47. g4 Be8 48. Kd5 Bf7+ 49. Kd4 c3 
50. Rxc3 Rd7+ 51. Ke4 Bg6+ 52. Kf4 Rf7+ 53. Kg3 Re7 54. Bd4 Be8 55. Rb3 Rb7 
56. Rb4 Kg8 57. Kf4 Kf7 58. e4 g6 59. Kg5 Rd7 60. Bf6 Rd6 61. e5 Rd3 
62. Rc4 Bxb5 63. Rc7+ Rd7 64. Rc8 Rb7 65. h5 gxh5 66. gxh5 Ra7 67. h6 Bd3 
68. Rc6 Kg8 69. Rxb6 Bc2 70. Rb2 Rc7 71. h7+ Bxh7 72. e6 Rc8 73. Rb7 Bd3 
74. Rg7+ Kf8 75. e7+ Ke8 76. Rg8+ Kf7 77. Rxc8 Bb5 78. Rf8+ Ke6 79. e8=Q+ Bxe8 
80. Rxe8+ Kd5 81. Rc8 Ke4 82. Rc3 Kd5 83. Kf5 Kd6 84. Ke4 Ke6 85. Rc6+ Kf7 
86. Kf5 Kf8 87. Kg6 Ke8 88. Rd6 Kf8 89. Rd8# 1-0

[Event "Tuesday Night Engine Tour 7 Rd Swiss 12m+1s Starts at 2200hrs ST"]
[Site "Infinity Chess"]
[Date "2018.1.17"]
[Round "6"]
[White "BlitzMaster"]
[Black "incredible"]
[Result "1/2-1/2"]
[ECO "B28"]
[WhiteElo "2464"]
[BlackElo "2446"]
[WhiteEngine "komodo-11.2.2-64bit"]
[BlackEngine "Stockfish_x64_bmi2"]
[EventType "Swiss"]
[WhiteTeam ""]
[BlackTeam ""]
[PlyCount "173"]
[TimeControl "720+1"]

1. e4 c5 2. Nf3 a6 3. Nc3 d6 4. d4 cxd4 5. Nxd4 Nf6 6. Be3 Nbd7 7. Be2 e6 
8. a4 b6 9. Qd2 Bb7 10. f3 h5 11. O-O-O Rc8 12. Kb1 Be7 13. Rhg1 Nc5 14. g3 Qd7 
15. Nb3 Nxa4 16. Nxa4 Qxa4 17. Bxb6 d5 18. Qa5 Qc6 19. Bd3 dxe4 20. fxe4 e5 
21. h3 O-O 22. g4 Qe6 23. Rge1 Nd7 24. Be3 Rfd8 25. Nd2 hxg4 26. hxg4 Nf6 
27. g5 Ng4 28. Qb6 Qxb6 29. Bxb6 Rd6 30. Rg1 Rxb6 31. Rxg4 g6 32. b3 Rc5 
33. Nc4 Rb4 34. Rh1 Kg7 35. Rgh4 Bxg5 36. Rh7+ Kf6 37. Nd6 Ke6 38. Nxf7 Bf6 
39. Re1 Rc7 40. Ng5+ Kd6 41. Rg1 Bxg5 42. Rxc7 Kxc7 43. Rxg5 Bxe4 44. Rg4 Rxb3+ 
45. cxb3 Bxd3+ 46. Kb2 Bf5 47. Ra4 Kb6 48. Ra1 Kc5 49. Kc3 Kb6 50. Rd1 Be4 
51. Re1 Bc6 52. Rxe5 Bd7 53. Kb4 Bc6 54. Re6 a5+ 55. Kc4 g5 56. Rg6 g4 
57. Rxg4 Bb5+ 58. Kc3 Kc5 59. Rg5+ Kb6 60. Rf5 Bd7 61. Rf7 Bg4 62. Rg7 Bd1 
63. Rg6+ Kb5 64. Rg5+ Kb6 65. Re5 Bg4 66. Kd3 Bh3 67. Kc4 Bf1+ 68. Kc3 Bg2 
69. Rg5 Bf1 70. Rh5 Bb5 71. Rf5 Be2 72. Rf8 Kc5 73. Rc8+ Kb5 74. Rh8 Bd1 
75. Rb8+ Kc5 76. Re8 Bg4 77. Re5+ Kb6 78. Kd3 Bh3 79. Kd4 Bg2 80. Re3 Bf1 
81. Kc3 Kc5 82. Re5+ Kb6 83. Rh5 Bg2 84. Rh6+ Kc5 85. Rh7 Bf3 86. Rh4 Bb7 
87. Rg4 1/2-1/2

[Event "Tuesday Night Engine Tour 7 Rd Swiss 12m+1s Starts at 2200hrs ST"]
[Site "Infinity Chess"]
[Date "2018.1.17"]
[Round "6"]
[White "hafaba"]
[Black "Thor"]
[Result "1/2-1/2"]
[ECO ""]
[WhiteElo "2433"]
[BlackElo "2453"]
[WhiteEngine "Stockfish SL 07012018 POPCNT_CTG"]
[BlackEngine "asmFishW_2017-11-19_bmi2"]
[EventType "Swiss"]
[WhiteTeam ""]
[BlackTeam ""]
[PlyCount "79"]
[TimeControl "720+1"]

1. e3 d5 2. c4 e6 3. Nf3 b6 4. b3 Nf6 5. Bb2 Bb7 6. Nc3 Nbd7 7. Rc1 a6 
8. cxd5 exd5 9. d4 Bd6 10. g3 a5 11. Nd2 Ne4 12. Ndxe4 dxe4 13. Bc4 O-O 
14. O-O Nf6 15. d5 Be5 16. Ba3 Re8 17. Bb5 Bxc3 18. Bxe8 Qxe8 19. Rxc3 Nxd5 
20. Rc2 Qe6 21. Rd2 c6 22. Bb2 Ba6 23. Re1 Bd3 24. Rxd3 exd3 25. Qxd3 Re8 
26. Qc4 Qg6 27. Rc1 Nb4 28. Ba1 Rd8 29. a3 Nd3 30. Rd1 Rd6 31. Bd4 Ne5 
32. Qe2 Qe4 33. Bxe5 Qxe5 34. Rxd6 Qxd6 35. Qa6 Qd1+ 36. Kg2 Qd5+ 37. Kf1 Qd1+ 
38. Kg2 Qd5+ 39. Kf1 Qd1+ 40. Kg2 1/2-1/2

[Event "Tuesday Night Engine Tour 7 Rd Swiss 12m+1s Starts at 2200hrs ST"]
[Site "Infinity Chess"]
[Date "2018.1.17"]
[Round "6"]
[White "KULLANI"]
[Black "SkyPilot"]
[Result "1/2-1/2"]
[ECO "D10"]
[WhiteElo "2475"]
[BlackElo "2473"]
[WhiteEngine "BrainFish_180113_x64_CTG"]
[BlackEngine "stockfish_x64_bmi2_2018_01_13_CTG"]
[EventType "Swiss"]
[WhiteTeam ""]
[BlackTeam ""]
[PlyCount "158"]
[TimeControl "720+1"]

1. d4 d5 2. c4 c6 3. Nc3 Nf6 4. Nf3 e6 5. Bg5 h6 6. Bxf6 Qxf6 7. e3 Nd7 
8. Be2 g6 9. O-O Bg7 10. e4 dxe4 11. Nxe4 Qf4 12. Qc2 f5 13. Ned2 c5 14. g3 Qc7 
15. Nh4 Bxd4 16. Nxg6 Rg8 17. Nh4 Nf6 18. Nb3 Be5 19. Qd1 a5 20. Bh5+ Kf8 
21. Rb1 a4 22. Nd2 Qd6 23. Bg6 a3 24. Qc2 axb2 25. Ndf3 Rxa2 26. Nxe5 Qxe5 
27. Qb3 Ra1 28. Rxb2 Rxf1+ 29. Kxf1 Qd4 30. Qa2 Ne4 31. Kg2 Kg7 32. Nf3 Qd6 
33. Nh4 Rd8 34. Bh5 Kh7 35. Qa5 Rd7 36. Bg6+ Kg8 37. Qa3 Qd3 38. Qa7 Rd8 
39. Nf3 Qxc4 40. Rxb7 Bxb7 41. Qxb7 Ng5 42. Nxg5 Qd5+ 43. Qxd5 Rxd5 44. Nf3 c4 
45. Be8 Kf8 46. Ba4 Ke7 47. Ne1 Re5 48. Kf1 Kd6 49. h3 c3 50. Bc2 Rd5 
51. Ke2 Rd2+ 52. Ke3 Kc5 53. g4 f4+ 54. Kf3 e5 55. Nd3+ Kb5 56. Ne1 Kc6 
57. Be4+ Kb5 58. Nc2 Rd1 59. Kg2 Kc5 60. h4 Rd2 61. h5 Kc4 62. Kf3 Rd1 
63. g5 hxg5 64. Kg4 Rd2 65. Kf3 g4+ 66. Kxg4 Rxf2 67. h6 Kb3 68. h7 Rh2 
69. Ne1 Kb2 70. Nf3 Rh6 71. Nxe5 c2 72. Nd3+ Ka3 73. Bf5 f3 74. Kxf3 Kb3 
75. Nc1+ Kb2 76. Ne2 c1=Q 77. Nxc1 Kxc1 78. Ke3 Rh1 79. Be4 Rh4 1/2-1/2

[Event "Tuesday Night Engine Tour 7 Rd Swiss 12m+1s Starts at 2200hrs ST"]
[Site "Infinity Chess"]
[Date "2018.1.17"]
[Round "6"]
[White "KhalidOmar"]
[Black "Eman"]
[Result "1/2-1/2"]
[ECO "D30"]
[WhiteElo "2462"]
[BlackElo "2461"]
[WhiteEngine "Eman 1.62 64-bit BMI2"]
[BlackEngine "Eman 1.62 64-bit POPCNT"]
[EventType "Swiss"]
[WhiteTeam ""]
[BlackTeam ""]
[PlyCount "107"]
[TimeControl "720+1"]

1. d4 d5 2. c4 e6 3. Nf3 Nf6 4. Nc3 c6 5. Bg5 h6 6. Bxf6 Qxf6 7. e3 g6 
8. Bd3 Nd7 9. O-O dxc4 10. Bxc4 Bg7 11. e4 e5 12. d5 Nb6 13. Bb3 Bg4 
14. Re1 Bxf3 15. Qxf3 Qxf3 16. gxf3 O-O 17. dxc6 bxc6 18. Na4 Rfc8 19. Red1 Rc7 
20. Rd6 Nxa4 21. Bxa4 Bf8 22. Rxc6 Rxc6 23. Bxc6 Rb8 24. b3 Ba3 25. Bd5 Rc8 
26. Bc4 Rd8 27. Bd5 Rc8 28. Bc4 Rd8 29. Re1 Rd2 30. Re2 Rxe2 31. Bxe2 h5 
32. Kg2 Bc5 33. Kf1 Kg7 34. Bd3 h4 35. Bb5 Kg8 36. Ke2 a5 37. Kd3 Bxf2 
38. a3 Kg7 39. Kc4 Kf6 40. Kd5 Be1 41. Bc4 Kg5 42. Bb5 Kf6 43. h3 Bc3 
44. Be8 Bd2 45. Bb5 Bc1 46. b4 axb4 47. axb4 Bd2 48. Kc5 Be3+ 49. Kc4 Bd2 
50. Be8 Ke7 51. Bc6 Kd6 52. b5 Be3 53. Be8 Ke6 54. Bc6 1/2-1/2

[Event "Tuesday Night Engine Tour 7 Rd Swiss 12m+1s Starts at 2200hrs ST"]
[Site "Infinity Chess"]
[Date "2018.1.17"]
[Round "6"]
[White "RonWeasley"]
[Black "OlivierEvan"]
[Result "1/2-1/2 "]
[ECO "C12"]
[WhiteElo "2458"]
[BlackElo "2416"]
[WhiteEngine "BrainFish 130117_CTG"]
[BlackEngine "Houdini 6"]
[EventType "Swiss"]
[WhiteTeam ""]
[BlackTeam ""]
[PlyCount "215"]
[TimeControl "720+1"]

1. e4 e6 2. d4 d5 3. Nc3 Nf6 4. Bg5 Bb4 5. e5 h6 6. Bd2 Bxc3 7. bxc3 Ne4 
8. Qg4 Kf8 9. Bd3 Nxd2 10. Kxd2 c5 11. h4 c4 12. Be2 Nc6 13. Qf4 b5 14. g4 Qa5 
15. Qe3 Rb8 16. Nh3 Qa3 17. Nf4 Ne7 18. Rag1 Bd7 19. Qf3 b4 20. cxb4 Qxb4+ 
21. Qc3 Qxc3+ 22. Kxc3 g6 23. h5 g5 24. Nh3 a6 25. f4 gxf4 26. Nxf4 Rb5 
27. Ra1 Kg7 28. Rhg1 Ra5 29. a3 Be8 30. Nh3 Rg8 31. Rgf1 Rf8 32. Rf6 Ng8 
33. Rf2 Ne7 34. Rf6 Ng8 35. Rf3 Ne7 36. Rf4 Kh8 37. Kd2 Ba4 38. Rf6 Ng8 
39. Rff1 Ne7 40. c3 Bd7 41. Bd1 Rb5 42. Kc1 Kg7 43. Ba4 Rb7 44. Bxd7 Rxd7 
45. Rb1 Rg8 46. Kd2 Rh8 47. Ke3 Rc7 48. Rb6 Nc8 49. Rxa6 Rb7 50. a4 Ne7 
51. Kf4 Rhb8 52. a5 Rb1 53. Rxb1 Rxb1 54. Ke3 Rc1 55. Kd2 Rf1 56. Ra8 Ra1 
57. g5 Ra2+ 58. Ke1 Ra1+ 59. Kf2 Ra2+ 60. Kf3 Nf5 61. gxh6+ Kxh6 62. Kg4 Rg2+ 
63. Kf4 Kxh5 64. Rh8+ Kg6 65. Rg8+ Ng7 66. a6 Ra2 67. Ra8 Nf5 68. a7 Nh6 
69. Kf3 Ra3 70. Kf4 Ra2 71. Ng1 Kg7 72. Ne2 Kg6 73. Ng1 Kg7 74. Ne2 Kg6 
75. Kf3 Kg5 76. Nf4 Ra3 77. Nh3+ Kg6 78. Ke2 Ra2+ 79. Kd1 Kg7 80. Nf4 Ng4 
81. Nh5+ Kg6 82. Ng3 Nf2+ 83. Kc1 Kg7 84. Kb1 Ra5 85. Nh5+ Kg6 86. Ng3 Kg7 
87. Kc1 Ra2 88. Nh5+ Kg6 89. Kb1 Ra5 90. Rg8+ Kxh5 91. a8=Q Rxa8 92. Rxa8 Ne4 
93. Kb2 f5 94. exf6 Kg6 95. f7 Kxf7 96. Ra5 Ke7 97. Rb5 Kf7 98. Kc2 Kf6 
99. Rb6 Ng3 100. Rb7 Nf5 101. Kb2 Nd6 102. Rd7 Ne4 103. Kc2 Ng3 104. Rd6 Ne4 
105. Ra6 Kf5 106. Ra7 Nf6 107. Kd1 Ne4 108. Kc2 1/2-1/2

[Event "Tuesday Night Engine Tour 7 Rd Swiss 12m+1s Starts at 2200hrs ST"]
[Site "Infinity Chess"]
[Date "2018.1.17"]
[Round "6"]
[White "MarioDeMonti"]
[Black "angriff"]
[Result "1/2-1/2"]
[ECO "B00"]
[WhiteElo "2428"]
[BlackElo "2498"]
[WhiteEngine "stockfish_x64_bmi2_2018_01_13_CTG"]
[BlackEngine "Raubfisch ME262_GTZ16b1_CTG"]
[EventType "Swiss"]
[WhiteTeam ""]
[BlackTeam ""]
[PlyCount "123"]
[TimeControl "720+1"]

1. e4 Nc6 2. Nf3 e5 3. Bc4 Bc5 4. c3 Nf6 5. d3 d6 6. O-O a5 7. Re1 O-O 
8. Nbd2 Be6 9. Bb5 Qb8 10. Nf1 Qa7 11. Be3 Qb6 12. a4 Bxe3 13. Nxe3 Ng4 
14. Ng5 Nxe3 15. Rxe3 Rad8 16. Rb1 h6 17. Nxe6 fxe6 18. Qg4 Rf6 19. Rf3 Rdf8 
20. Rxf6 Rxf6 21. Qe2 Nb8 22. Bc4 Kf8 23. b4 Nd7 24. h3 Ke7 25. Rb2 axb4 
26. Rxb4 Qa7 27. Qb2 b6 28. Bb5 Rf4 29. Qc2 Qa8 30. Rb1 c6 31. Bc4 d5 
32. exd5 exd5 33. Bb3 Qa5 34. d4 Kd8 35. Qd3 Nf6 36. f3 e4 37. Qd2 g5 
38. Bd1 Ne8 39. fxe4 Nd6 40. Bf3 dxe4 41. Be2 Kc7 42. Qc1 Rf7 43. Qb2 e3 
44. Bd3 Re7 45. c4 Ne4 46. c5 Nc3 47. cxb6+ Kb8 48. Qa3 c5 49. Qb3 e2 
50. Qg8+ Kb7 51. Re1 Qxa4 52. dxc5 Qd4+ 53. Kh2 Qxc5 54. Qf8 h5 55. Kh1 g4 
56. Bxe2 Rxe2 57. Qf7+ Ka6 58. Rxe2 Nxe2 59. Qa2+ Kb5 60. Qxe2+ Kxb6 
61. hxg4 hxg4 62. Qxg4 1/2-1/2

[Event "Tuesday Night Engine Tour 7 Rd Swiss 12m+1s Starts at 2200hrs ST"]
[Site "Infinity Chess"]
[Date "2018.1.16"]
[Round "5"]
[White "Zor"]
[Black "star99"]
[Result "1/2-1/2"]
[ECO "D31"]
[WhiteElo "2436"]
[BlackElo "2435"]
[WhiteEngine "Cryptic AIL V1"]
[BlackEngine "Cryptic AIL V1"]
[EventType "Swiss"]
[WhiteTeam ""]
[BlackTeam ""]
[PlyCount "99"]
[TimeControl "720+1"]

1. d4 d5 2. c4 e6 3. Nc3 Bb4 4. Nf3 Nf6 5. Bg5 O-O 6. e3 h6 7. Bh4 c5 
8. cxd5 exd5 9. Bd3 Bg4 10. dxc5 Bxc3+ 11. bxc3 Nbd7 12. h3 Bxf3 13. gxf3 Rc8 
14. Bf5 Rc6 15. Qd4 Qa5 16. Rb1 b6 17. Bxf6 Nxf6 18. cxb6 Rc4 19. Qe5 axb6 
20. O-O Re8 21. Qd6 Rxc3 22. Kg2 b5 23. Rfd1 Qxa2 24. Qb4 Qc4 25. Qxb5 g6 
26. Qxc4 Rxc4 27. Bd3 Rc7 28. Rb2 d4 29. Bb5 Rd8 30. Rxd4 Rxd4 31. exd4 Rb7 
32. Rb3 Nh5 33. Kh2 Nf4 34. Ba4 Rc7 35. Rb8+ Kg7 36. Bb3 Rc3 37. Rb7 g5 
38. h4 Rxf3 39. hxg5 hxg5 40. Rxf7+ Kg6 41. Rb7 Rxf2+ 42. Kg3 Rd2 43. Kf3 Rxd4 
44. Bc2+ Kf6 45. Rb6+ Ke5 46. Rb5+ Rd5 47. Rxd5+ Nxd5 48. Kg3 Ne3 49. Bb1 Kf6 
50. Be4 1/2-1/2

[Event "Tuesday Night Engine Tour 7 Rd Swiss 12m+1s Starts at 2200hrs ST"]
[Site "Infinity Chess"]
[Date "2018.1.16"]
[Round "5"]
[White "OlivierEvan"]
[Black "BraveDevil"]
[Result "1-0"]
[ECO "A05"]
[WhiteElo "2399"]
[BlackElo "2412"]
[WhiteEngine "Houdini 6"]
[BlackEngine "Cryptic AIL V1"]
[EventType "Swiss"]
[WhiteTeam ""]
[BlackTeam ""]
[PlyCount "193"]
[TimeControl "720+1"]

1. Nf3 Nf6 2. d4 d5 3. c4 e6 4. e3 b6 5. b3 Bd6 6. Bd3 dxc4 7. bxc4 Bb7 
8. Bb2 c5 9. O-O O-O 10. Qe2 Nc6 11. Nbd2 cxd4 12. exd4 Nb4 13. Bb1 Re8 
14. a3 Nc6 15. Re1 Bf8 16. Bc2 g6 17. Ba4 Bg7 18. Rad1 Rc8 19. Nf1 Qd6 
20. Ne3 Re7 21. Bb3 Na5 22. Ba2 Ree8 23. Ne5 Nh5 24. Rf1 Ba6 25. f4 Qc7 
26. Rc1 Nf6 27. Rfe1 Qd8 28. Nc2 Bb7 29. Nb4 Bh6 30. g3 Nd7 31. Rcd1 Nxe5 
32. fxe5 Bf8 33. d5 Qd7 34. d6 Bg7 35. h3 Rf8 36. Kh2 Qa4 37. Qd3 Ba8 38. Rf1 h6 
39. Rd2 Qd7 40. Rdf2 Nb7 41. Qe2 Nc5 42. Nd3 Qc6 43. Nxc5 Qxc5 44. Qd3 Rcd8 
45. Bb1 h5 46. Bd4 Qc6 47. h4 Rd7 48. Rc1 Bh6 49. Re1 Bg7 50. Bc2 Rc8 
51. Bb3 Rdd8 52. a4 Bb7 53. Qc3 Ba6 54. Qe3 Rd7 55. Ref1 Rb8 56. Rc1 Kh7 
57. Qe1 Qb7 58. Qd1 Kg8 59. a5 Rdd8 60. Ra1 Qc8 61. axb6 axb6 62. Qd3 Rf8 
63. Rfa2 Ra8 64. Qe2 Kh7 65. Bxb6 Qb7 66. Bd4 Rfc8 67. Ra3 Rab8 68. Qd3 Ra8 
69. Qc2 Qc6 70. Qg2 Qxg2+ 71. Kxg2 Bb7+ 72. Kf2 Rab8 73. c5 Rf8 74. Ke3 Bh6+ 
75. Kd3 g5 76. Ra7 gxh4 77. gxh4 Rg8 78. Bxe6 Rg3+ 79. Kc4 fxe6 80. Rb1 Kg6 
81. Rbxb7 Rf8 82. c6 Rg2 83. c7 Kf5 84. Rb8 Rf7 85. c8=Q Rxa7 86. Qe8 Rag7 
87. Qxh5+ Ke4 88. Qxh6 R7g3 89. Qc1 Kf5 90. d7 Kg4 91. d8=Q Kh3 92. Qf6 Rg1 
93. Qxe6+ Kh2 94. Rb2+ R3g2 95. Bxg1+ Kh1 96. Qh3+ Rh2 97. Bxh2# 1-0

[Event "Tuesday Night Engine Tour 7 Rd Swiss 12m+1s Starts at 2200hrs ST"]
[Site "Infinity Chess"]
[Date "2018.1.16"]
[Round "5"]
[White "incredible"]
[Black "avilllaa"]
[Result "1/2-1/2"]
[ECO "E10"]
[WhiteElo "2442"]
[BlackElo "2544"]
[WhiteEngine "Stockfish_x64_bmi2"]
[BlackEngine "Cryptic AIL V1"]
[EventType "Swiss"]
[WhiteTeam ""]
[BlackTeam ""]
[PlyCount "109"]
[TimeControl "720+1"]

1. d4 Nf6 2. c4 e6 3. Nf3 d5 4. Nc3 c6 5. Bg5 h6 6. Bxf6 Qxf6 7. e3 Qd8 
8. Bd3 Be7 9. O-O O-O 10. Rc1 Nd7 11. Qc2 dxc4 12. Bxc4 b6 13. Rfd1 Bb7 
14. a3 Qb8 15. Ba2 Rd8 16. Bb1 Nf8 17. Ne5 c5 18. f4 Qc7 19. Qe2 Nd7 
20. Rf1 Nxe5 21. fxe5 Rf8 22. Qd3 g6 23. Ne4 Qc6 24. Qe2 Qd5 25. Rcd1 Rac8 
26. Nc3 Qd7 27. Rf4 Qd8 28. Be4 Bxe4 29. Nxe4 Qd5 30. h4 cxd4 31. exd4 Qc4 
32. Qe3 Qc2 33. Rd2 Qb1+ 34. Rf1 Rc1 35. Rxc1 Qxc1+ 36. Kh2 Kh7 37. h5 gxh5 
38. Qf2 Qc6 39. Qf3 Qd5 40. Qd3 Kg7 41. Rf2 f5 42. exf6+ Bxf6 43. Qg3+ Bg5 
44. Rxf8 Kxf8 45. Nxg5 hxg5 46. Qb8+ Kg7 47. Qxa7+ Kg6 48. Qxb6 Qe4 49. Qc5 Qf4+ 
50. Kh1 Qh4+ 51. Kg1 Qe1+ 52. Kh2 Qh4+ 53. Kg1 Qe1+ 54. Kh2 Qh4+ 55. Kg1 1/2-1/2